 Dungeon Crawl Stone Soup version 0.17.1-3-g152610e (webtiles) character file.

247 Gargoyl the Skirmisher (level 5, -1/43 HPs)
             Began as a Demonspawn Abyssal Knight on Mar 15, 2016.
             Was a Priest of Lugonu.
             Slain by a kobold
             ... wielding a +0 short sword
              (2 damage)
             ... in a sewer.
             The game lasted 00:06:44 (3499 turns).

Gargoyl the Skirmisher (Demonspawn Abyssal Knight)  Turns: 3499, Time: 00:06:44

Health: -1/43      AC: 10    Str: 13    XL:     5   Next: 85%
Magic:  7/7        EV:  6    Int: 13    God:    Lugonu [***...]
Gold:   141        SH:  0    Dex: 13    Spells: 0 memorised, 4 levels left

rFire  . . .     SeeInvis .     r - +1 war axe
rCold  . . .     Clarity  .     j - +0 chain mail
rNeg   . . .     SustAt   .     (no shield)
rPois  .         Gourm    .     (helmet restricted)
rElec  .         Spirit   .     (no cloak)
rCorr  .         Warding  .     (no gloves)
rMut   .         Stasis   .     i - +0 pair of boots
MR     .....                    (no amulet)
Stlth  ..........               (no ring)
                                d - ring of flight

@: not resistant to hostile enchantments, extremely unstealthy
A: horns 2, demonic guardian 1
a: Depart the Abyss, Bend Space, Banish, Renounce Religion, Evoke Flight


You were in a sewer.
You worshipped Lugonu.
Lugonu was most pleased with you.
You were not hungry.

You visited 1 branch of the dungeon, and saw 4 of its levels.
You visited the Abyss 1 time.
You also visited: Sewer.

You collected 141 gold pieces.

Inventory:

Hand Weapons
 r - a +1 war axe (weapon)
Missiles
 m - 6 tomahawks (quivered)
Armour
 i - a +0 pair of boots (worn)
 j - a +0 chain mail (worn)
Jewellery
 d - a ring of flight (left hand)
Scrolls
 a - a scroll of enchant weapon
 p - a scroll of identify {unknown}
 q - a scroll of enchant armour {unknown}
Potions
 b - 2 potions of resistance {unknown}
 c - 4 potions of curing
 e - a potion of mutation {unknown}
 f - a potion of brilliance {unknown}
 k - a potion of flight {unknown}
 l - a potion of might {unknown}
 n - 3 potions of heal wounds {unknown}
 o - a potion of beneficial mutation {unknown}
Comestibles
 g - a royal jelly
 h - 2 meat rations


   Skills:
 + Level 4.4 Fighting
 + Level 2.8 Axes
 + Level 2.9 Armour
 + Level 2.4 Dodging
 + Level 3.4 Invocations


You had 4 spell levels left.
You didn't know any spells.

Dungeon Overview and Level Annotations

Branches:
Dungeon (4/15)
 Temple: D:4-7

Altars:
Ashenzari
Fedhas


Innate Abilities, Weirdness & Mutations

You have a pair of horns on your head.
A weak demonic guardian rushes to your aid.


Message History

You hit the kobold.
You kill the kobold!
Lugonu accepts your kill.
You closely miss the kobold. x2
The kobold hits you but does no damage.
You are electrocuted!
The kobold barely misses you.
The kobold throws a stone.
The stone hits you but does no damage. The kobold closely misses you.
The kobold throws a stone.
The stone hits you but does no damage. The kobold hits you but does no damage.
You are electrocuted!
You closely miss the kobold. You headbutt the kobold.
You kill the kobold!
Lugonu accepts your kill.
You hit the kobold.
The kobold is heavily wounded.
You hit the kobold but do no damage.
The kobold throws a stone.
The stone hits you but does no damage. The kobold hits you but does no damage.
The kobold hits you but does no damage.
You are electrocuted!
* * * LOW HITPOINT WARNING * * *
The kobold hits you with a short sword.
You die...

#....≈≈≈≈≈≈≈...†..#
#....≈≈≈≈≈≈≈#.....#
#....≈≈≈≈≈≈≈##.†..#
.....≈≈≈≈≈≈≈≈#....#
.....≈≈≈≈≈≈≈≈.....##
#....≈≈≈≈≈≈≈≈......#
#..(.≈≈≈≈≈≈≈≈≈..(..#
###(####≈#≈#≈###(###
#.....# #≈#≈##.K@K.#
#.))(.# ≈#≈# #..K..#
##...## #≈#≈ ##...##
#.....# ≈# !...!
#..#..# #!?#!!#
####### ### ###
≈≈≈≈≈≈≈≈ ≈≈≈ ≈≈≈
≈≈≈≈≈≈≈≈≈≈ ≈≈≈≈ ≈≈≈≈
###########


You could see 3 kobolds.

Vanquished Creatures
  Jessica (D:2)
  5 river rats (Sewer)
  6 adders
  An ooze (Sewer)
  2 worms
  3 giant geckos
  5 orcs (D:3)
  11 bats
  6 giant cockroaches
  8 goblins
  2 hobgoblins
  5 jackals (D:3)
  16 kobolds
  5 ball pythons (Sewer)
  8 giant newts
  20 rats
104 creatures vanquished.

Vanquished Creatures (collateral kills)
  A river rat (Sewer)
  3 rats (Sewer)
4 creatures vanquished.

Grand Total: 108 creatures vanquished

Notes
Turn   | Place    | Note
--------------------------------------------------------------
     0 | Abyss:1  | Gargoyl the Demonspawn Abyssal Knight began the quest for the Orb.
     0 | Abyss:1  | Reached XP level 1. HP: 18/18 MP: 2/2
    59 | Abyss:1  | Noticed a smoke demon
    59 | Abyss:1  | Noticed a thrashing horror
    60 | D:1      | Escaped the Abyss
   521 | D:1      | Reached * piety under Lugonu
   521 | D:1      | Gained mutation: You have a pair of small horns on your head. [demonic ancestry]
   521 | D:1      | Reached XP level 2. HP: 16/24 MP: 4/4
  1063 | D:1      | Found a blossoming altar of Fedhas.
  1072 | D:1      | Reached skill level 1 in Dodging
  1084 | D:2      | Noticed Jessica
  1098 | D:1      | Reached XP level 3. HP: 21/29 MP: 5/5
  1343 | D:2      | Killed Jessica
  1670 | D:2      | Gained mutation: You have a pair of horns on your head. [demonic ancestry]
  1670 | D:2      | Reached XP level 4. HP: 34/36 MP: 6/6
  1817 | D:3      | Reached ** piety under Lugonu
  1842 | D:3      | Found a shattered altar of Ashenzari.
  2280 | D:3      | Reached skill level 4 in Fighting
  2613 | D:3      | Gained mutation: A weak demonic guardian rushes to your aid. [demonic ancestry]
  2613 | D:3      | Reached XP level 5. HP: 32/42 MP: 7/7
  2781 | D:4      | Found a glowing drain.
  2805 | Sewer    | Entered a sewer
  3162 | Sewer    | Reached *** piety under Lugonu
  3498 | Sewer    | HP: 1/43 [kobold/whip of electrocution (16)]
  3499 | Sewer    | Slain by a kobold

Action                   |  1- 3 |  4- 6 || total
-------------------------+-------+-------++-------
Melee: Hand axe          |   101 |    54 ||   155
       War axe           |       |   123 ||   123
Invok: Depart the Abyss  |     1 |       ||     1
  Use: Scroll            |       |     2 ||     2
       Potion            |       |     1 ||     1
  Eat: Chunk             |     2 |     2 ||     4
       Bread ration      |       |     1 ||     1
